 Dungeon Crawl Stone Soup version 0.30-a0-739-gea05faddec (webtiles) character file.

Game seed: 13075287176684009008

1409 Newt the Cudgeller (level 8, 0/60 HPs)
             Began as a Demonspawn Gladiator on Feb 4, 2023.
             Was a Follower of Makhleb.
             Slain by a gnoll bouda
             ... wielding a +0 club
              (9 damage)
             ... on level 6 of the Dungeon.
             The game lasted 00:05:20 (5119 turns).

Newt the Cudgeller (Demonspawn Gladiator)           Turns: 5119, Time: 00:05:21

Health: 0/60       AC:  9    Str: 18    XL:     8   Next: 42%
Magic:  8/8        EV: 12    Int: 11    God:    Makhleb [*.....]
Gold:   380        SH:  6    Dex: 14    Spells: 7/7 levels left

rFire   . . .      SeeInvis .    v - +2 hammer (pain)
rCold   . . .      Faith    .    n - +1 buckler
rNeg    . . .      Spirit   .    b - +0 leather armour
rPois   .          Reflect  .    c - +0 helmet
rElec   .          Harm     .    w - +0 cloak
rCorr   +          Rampage  .    (no gloves)
Will    .....                    (no boots)
Stlth   ++                       i - amulet of the acrobat
HPRegen 0.30/turn                e - +4 ring of protection
MPRegen 0.11/turn                r - ring of resist corrosion

@: weakened
A: hooves 2, demonic guardian 1, ignite blood 1, big brain 1
a: Renounce Religion


You were on level 6 of the Dungeon.
You worshipped Makhleb.
Makhleb was aware of your devotion.
You visited 2 branches of the dungeon, and saw 7 of its levels.

You collected 380 gold pieces.

Inventory:

Hand Weapons
 a - a +0 rapier
 u - a +2 dagger of speed
 v - a +2 hammer of pain (weapon)
Missiles
 d - a throwing net
 l - 4 boomerangs (quivered)
Armour
 b - a +0 leather armour (worn)
 c - a +0 helmet (worn)
 n - a +1 buckler (worn)
 w - a +0 cloak (worn)
Jewellery
 e - a +4 ring of protection (left hand)
 i - an amulet of the acrobat (around neck)
 r - a ring of resist corrosion (right hand)
 t - a ring of protection from cold
Scrolls
 h - 3 scrolls of magic mapping
 p - a scroll of fear
 x - a scroll of enchant armour
 y - a scroll of blinking
Potions
 f - a potion of might
 j - 3 potions of cancellation
 k - a potion of haste
 m - a potion of curing
 o - 2 potions of brilliance {unknown}
 q - a potion of heal wounds {unknown}


   Skills:
 - Level 4.0 Fighting
 - Level 2.6 Short Blades
 + Level 5.8 Maces & Flails
 - Level 5.0 Throwing
 - Level 2.6 Dodging
 - Level 2.0 Stealth
 - Level 4.0 Shields


You had 7 spell levels left.
You didn't know any spells.
Your spell library contained the following spells:

 Spells                   Type           Power      Damage    Failure   Level
 Freeze                   Ice            0%         1d3       50%         1
 Cigotuvi's Dreadful Rot  Necr/Pois/Air  0%         N/A       63%         2
 Ensorcelled Hibernation  Hex/Ice        0%         N/A       63%         2
 Passwall                 Tmut/Erth      0%         N/A       63%         2
 Poisonous Vapours        Pois/Air       0%         N/A       63%         2
 Frozen Ramparts          Ice            0%         1d1       86%         3
 Hailstorm                Conj/Ice       0%         3d3       86%         3
 Inner Flame              Hex/Fire       0%         N/A       86%         3
 Mephitic Cloud           Conj/Pois/Air  0%         N/A       86%         3
 Swiftness                Air            0%         N/A       86%         3
 Cause Fear               Hex            0%         N/A       99%         4
 Discord                  Hex            0%         N/A       100%        8


Dungeon Overview and Level Annotations

Branches:
Dungeon (6/15)             Temple (1/1) D:4

Altars:
Ashenzari
Cheibriados
Dithmenos
Fedhas
Gozag
Hepliaklqana
Kikubaaqudgha
Makhleb
Nemelex Xobeh
Okawaru
Ru
Sif Muna
Trog
Uskayaw
Vehumet
Wu Jian
Xom
Yredelemnul


Innate Abilities, Weirdness & Mutations

You have hoof-like feet.
A weak demonic guardian rushes to your aid.
Your demonic aura sometimes causes spilled blood to erupt in flames.
You have an unusually large brain. (Int +2)


Message History

Aim: a gnoll, wielding a +0 whip (covering ground quickly, 66% to hit)
You throw a boomerang. The boomerang hits the gnoll!
The gnoll is severely wounded.
You block the gnoll's attack.
You hit the gnoll. Your kick misses the gnoll.
The gnoll is severely wounded.
You block the gnoll's attack.
You barely miss the gnoll.
The gnoll is severely wounded.
The gnoll barely misses you.
You hit the gnoll. You kick the gnoll.
You kill the gnoll!
Makhleb accepts your kill. You block the gnoll bouda's attack.
You hit the gnoll bouda but do no damage.
Your kick misses the gnoll bouda.
The gnoll bouda is moderately wounded.
The gnoll bouda barely misses you. You block something's attack.
You barely miss the gnoll bouda.
You kick the gnoll bouda, but do no damage.
The gnoll bouda is moderately wounded.
The gnoll bouda misses you. Something hits you but does no damage.
You hit the gnoll bouda. You kick the gnoll bouda.
The gnoll bouda is heavily wounded.
The gnoll bouda hits you with a +0 club.
* * * LOW HITPOINT WARNING * * *
Something hits you.
* * * LOW HITPOINT WARNING * * *
You sock the gnoll bouda! Your kick misses the gnoll bouda.
The gnoll bouda is almost dead.
The gnoll bouda gazes fiercely through you!
You feel your attacks grow feeble.
The gnoll bouda hits you with a +0 club.
* * * LOW HITPOINT WARNING * * *
A demonic guardian appears!
Something hits you.
* * * LOW HITPOINT WARNING * * *
You feel better. Something hits you.
* * * LOW HITPOINT WARNING * * *
The gnoll bouda hits you with a +0 club!
You die...

#...#.#####.##.# #.#
##...#.......##.# #.#
..###.....#########.# #.#
............##### #.# #.#
P.P.............###.###.#
P..P♣P♣P.).÷.P.P....#......#
P..PP♣PP.....P♣P.....#######
♣..P ♣♣♣..5.♣PPP♣P...#
############')@#PPPPP...##
#....$....(#.{g#P♣♣♣P♣...#
#..[[...$..#.°)#####♣PP..#
#..........#..)#...#♣P♣..#
#.!...)....#..)#...#♣PP..#
.####''########†#...#PP♣..#
..'[..)).o.....)))...#.....#
..'........).g...(...#.....#
############################


You could see a gnoll bouda (ally target) and a friendly white imp (summoned).

Vanquished Creatures
  Grinder (D:5)
  Sigmund (D:5)
  Eustachio (D:5)
  A black bear (D:5)
  An ogre (D:6)
  A centaur (D:6)
  A gnoll sergeant (D:6)
  A kobold brigand (D:6)
  A scorpion (D:5)
  3 hounds
  An orc priest (D:5)
  Crazy Yiuf (D:5)
  An iguana (D:4)
  2 orc wizards
  3 adders
  7 gnolls
  2 dart slugs
  14 orcs
  6 endoplasms
  A giant cockroach (D:1)
  14 goblins
  9 hobgoblins
  8 jackals
  10 kobolds
  3 quokkas
  8 ball pythons
  5 bats
  9 frilled lizards
  7 rats
  A butterfly (D:4)
124 creatures vanquished.

Vanquished Creatures (collateral kills)
  A hound (D:5)
  An iguana (D:4)
  A hobgoblin (D:6)
3 creatures vanquished.

Grand Total: 127 creatures vanquished

Notes
Turn   | Place    | Note
-------+----------+-------------------------------------------
     0 | D:1      | Newt the Demonspawn Gladiator began the quest for the Orb.
     0 | D:1      | Reached XP level 1. HP: 16/16 MP: 1/1
    48 | D:1      | Reached skill level 1 in Stealth
   134 | D:1      | Gained mutation: Your demonic aura sometimes causes spilled
                  | blood to erupt in flames. [demonic ancestry]
   134 | D:1      | Reached XP level 2. HP: 12/22 MP: 2/2
   353 | D:1      | Gained mutation: You have large cloven feet. [demonic
                  | ancestry]
   353 | D:1      | Reached XP level 3. HP: 28/28 MP: 3/3
   461 | D:1      | Found a faded altar of an unknown god.
  1759 | D:3      | Reached XP level 4. HP: 37/37 MP: 4/4
  2110 | D:3      | Found a sacrificial altar of Ru.
  2141 | D:3      | Found an ornate altar of the Wu Jian Council.
  2762 | D:4      | Gained mutation: A weak demonic guardian rushes to your
                  | aid. [demonic ancestry]
  2762 | D:4      | Reached XP level 5. HP: 23/42 MP: 5/5
  3228 | D:4      | Found a staircase to the Ecumenical Temple.
  3284 | Temple   | Entered the Ecumenical Temple
  3500 | Temple   | Became a worshipper of Makhleb the Destroyer
  3727 | D:5      | Entered Level 5 of the Dungeon
  3776 | D:5      | Gained mutation: You have an unusually large brain. (Int
                  | +2) [demonic ancestry]
  3776 | D:5      | Reached XP level 6. HP: 29/48 MP: 6/6
  4006 | D:5      | Noticed Eustachio
  4025 | D:5      | Killed Eustachio
  4026 | D:5      | Reached skill level 5 in Throwing
  4062 | D:5      | Gained mutation: You have hoof-like feet. [demonic
                  | ancestry]
  4062 | D:5      | Reached XP level 7. HP: 35/54 MP: 7/7
  4188 | D:5      | Found a runed translucent door.
  4189 | D:5      | Noticed Crazy Yiuf
  4196 | D:5      | Killed Crazy Yiuf
  4236 | D:5      | Noticed Sigmund
  4243 | D:5      | Killed Sigmund
  4244 | D:5      | Reached skill level 1 in Maces & Flails
  4756 | D:5      | Noticed Grinder
  4779 | D:5      | Killed Grinder
  4992 | D:6      | Reached XP level 8. HP: 60/60 MP: 8/8
  5003 | D:6      | Reached * piety under Makhleb
  5071 | D:6      | Reached skill level 5 in Maces & Flails
  5119 | D:6      | Slain by a gnoll bouda

Illustrated notes

Levels and vault maps discovered:
D:1:      minmay_arrival_four_loops, layout_rooms,
          shapermc_ecumenical_altar_mp_highgroup,
          nicolae_concentric_dashed_squares_wild
D:2:      layout_basic, minmay_misc_feat_chi, kennysheep_generic_room_5
D:3:      minmay_evil_eye, layout_basic, mainiacjoe_overflow_catwalk_spiral
D:4:      layout_loops_cross, minmay_temple_entry_butterflies, st_stairs_7,
          minmay_crossroads
D:5:      layout_loops_ring, uniq_crazy_yiuf_cottage, uniq_grinder,
          uniq_sigmund, uniq_eustachio
D:6:      kennysheep_housing_project, layout_basic
Temple:   nicolae_temple_bog_church

Skill      XL: |  1  2  3  4  5  6  7  8 |
---------------+-------------------------+-----
Stealth        | 2 |  2.0
Fighting       | 3 4 |  4.0
Throwing       | 2 4 5 |  5.0
Shields        | 3 4 |  4.0
Maces & Flails | 3 5 |  5.8
Short Blades   | |  2.6
Dodging        | |  2.6

Action                     |  1- 3 |  4- 6 |  7- 9 || total
---------------------------+-------+-------+-------++-------
  Melee: Rapier            |   122 |    98 |       ||   220
         Kick              |     8 |    56 |    36 ||   100
         Punch             |     1 |       |       ||     1
         Dagger            |       |    66 |    14 ||    80
         Mace              |       |       |    93 ||    93
  Throw: Throwing net      |     2 |       |     1 ||     3
         Javelin           |     1 |       |     1 ||     2
         Boomerang         |       |    12 |     4 ||    16
         Dart              |       |       |     3 ||     3
    Use: Scroll            |     3 |     5 |     2 ||    10
         Potion            |       |       |     1 ||     1
   Stab: Held in net/web   |     1 |       |       ||     1
         Sleeping          |     3 |     1 |     1 ||     5
 Armour: Leather armour    |    44 |    58 |    36 ||   138
  Dodge: Dodged            |    78 |    67 |   105 ||   250
  Block: Buckler           |       |    27 |    50 ||    77

Table legend: (Time is in decaauts)
 A = Elapsed time spent in this place.
 B = Non-inter-level travel time spent in this place.
 C = Inter-level travel time spent in this place.
 D = Time resting spent in this place.
 E = Time spent auto-exploring this place.
 F = Levels seen in this place.
 G = Mean time per level.
                   A        B        C        D        E       F      G
               +--------+--------+--------+--------+--------+-----+--------+
         Total |   5133 |   4874 |    259 |    353 |   3690 |   7 |  733.3 |
       Dungeon |   4890 |   4663 |    227 |    353 |   3495 |   6 |  815.0 |
        Temple |    243 |    211 |     32 |      0 |    195 |   1 |  243.0 |
               +--------+--------+--------+--------+--------+-----+--------+

Top non-repeatable levels by time:
     D:5: 1117 daAuts
     D:2: 1059 daAuts
     D:3: 910 daAuts
     D:4: 853 daAuts
     D:1: 694 daAuts
     D:6: 255 daAuts
  Temple: 243 daAuts
